 Dungeon Crawl Stone Soup version 0.29.1-1-gd02db6906a (webtiles) character file.

Game seed: 13936402640350942778

7426 avis the Skirmisher (level 10, -1/141 HPs)
             Began as a Demigod Ice Elementalist on Oct 19, 2022.
             Slain by a vampire (5 damage)
             ... on level 10 of the Dungeon on Oct 20, 2022.
             The game lasted 01:44:17 (13829 turns).

avis the Skirmisher (Demigod Ice Elementalist)     Turns: 13829, Time: 01:44:17

Health: -1/141     AC: 36    Str:  9    XL:     10   Next: 62%
Magic:  17/17      EV:  2    Int: 17    God:
Gold:   746        SH:  5    Dex: 26    Spells: 8/15 levels left

rFire   . . .      SeeInvis .   a - +2 flail (vorpal)
rCold   . . .      Faith    .   (no shield)
rNeg    . . .      Spirit   .   (body armour currently unavailable)
rPois   +          Reflect  +   (helmet currently unavailable)
rElec   .          Harm     .   (cloak currently unavailable)
rCorr   .          Rampage  .   (gloves currently unavailable)
Will    +....      NoTele   +   (boots currently unavailable)
Stlth   ++++......              O - amulet of reflection
HPRegen 0.33/turn               E - ring of wizardry
MPRegen 0.15/turn               F - +4 ring of protection

@: mighty, ice-armoured, tree-form (expiring)
A: stationary, stasis, torment immunity, boosted hp, high MP 1, forlorn, divine
attributes, robust 1
a: no special abilities


You were on level 10 of the Dungeon.
You were a tree.
You visited 2 branches of the dungeon, and saw 11 of its levels.
You also visited: Bailey.

You collected 746 gold pieces.

Inventory:

Hand Weapons
 a - a +2 vorpal flail (weapon)
 b - a +0 shortbow
Missiles
 A - 13 poisoned darts
 C - 7 throwing nets
 U - a curare-tipped dart
Armour
 e - a +0 pair of gloves of strength (melded)
 h - a +0 cloak (melded)
 r - a +0 helmet (melded)
 I - a +0 pair of boots (melded)
 T - a +0 troll leather armour (melded)
Jewellery
 c - a ring of magical power
 E - a ring of wizardry (left branch)
 F - a +4 ring of protection (right branch)
 O - an amulet of reflection (around neck)
Scrolls
 n - 2 scrolls of summoning {unknown}
 p - 4 scrolls of teleportation
 q - 2 scrolls of vulnerability {unknown}
 s - a scroll of butterflies
 t - 3 scrolls of blinking {unknown}
 u - a scroll of brand weapon {unknown}
 v - a scroll of poison {unknown}
 x - 3 scrolls of enchant weapon {unknown}
 y - a scroll of fear {unknown}
Potions
 i - 2 potions of brilliance
 o - 2 potions of magic
 B - 2 potions of flight
 L - a potion of lignification
 M - 2 potions of mutation
 W - a potion of cancellation
Miscellaneous
 g - a phial of floods (inert)


   Skills:
 - Level 7.0 Fighting
 - Level 8.0 Ranged Weapons
 - Level 5.0 Armour
 * Level 6.4 Dodging
 - Level 5.0 Stealth
 - Level 3.0 Spellcasting
 - Level 7.0 Ice Magic


You had 8 spell levels left.
You knew the following spells:

 Your Spells              Type           Power      Damage    Failure   Level
a - Freeze                Ice            100%       1d11      1%          1
o - Ozocubu's Armour      Ice            26%        N/A       1%          3
r - Frozen Ramparts       Ice            52%        1d8       1%          3

Your spell library contained the following spells:

 Spells                   Type           Power      Damage    Failure   Level
 Beastly Appendage        Tmut           4%         N/A       7%          1
 Foxfire                  Conj/Fire      8%         2x1d4     7%          1
 Summon Small Mammal      Summ           8%         N/A       7%          1
 Poisonous Vapours        Pois/Air       4%         N/A       11%         2
 Static Discharge         Conj/Air       2%         3-4/arc   11%         2
 Wereblood                Tmut           2%         N/A       11%         2
 Hailstorm                Conj/Ice       14%        3d5       16%         4
 Gell's Gravitas          Tloc           2%         N/A       21%         3
 Lesser Beckoning         Tloc           2%         N/A       21%         3
 Spider Form              Tmut/Pois      2%         N/A       21%         3
 Teleport Other           Tloc           2%         N/A       21%         3
 Corpse Rot               Necr/Pois/Air  2%         N/A       52%         4
 Dispel Undead            Necr           2%         3d7       52%         4
 Sticky Flame             Conj/Fire      2%         2d3       52%         4


Dungeon Overview and Level Annotations

Branches:
Dungeon (10/15)            Temple (1/1) D:5          Bailey (visited)
   Lair: D:8-11         Orc: D:9-12

Shops:
D:4 ((

Annotations:
D:9 deep water


Innate Abilities, Weirdness & Mutations

You are a tree.
Your roots penetrate the ground, keeping you stationary.
You cannot be teleported.
You are immune to unholy pain and torment.
Your maximum health is greatly increased.
Your equipment is partially melded.
You have an increased reservoir of magic. (+10% MP)
You shall have no god before yourself.
Your divine heritage dramatically boosts your attributes as you level up.
You are robust. (+10% HP)


Message History

You completely miss something. You block something's attack.
Something bites you.
* * * LOW HITPOINT WARNING * * *
Something draws strength from your injuries!
You barely miss something. Something hits you but does no damage.
Something bites you.
* * * LOW HITPOINT WARNING * * *
Something draws strength from your injuries!
Something hits you but does no damage. Something bites you!
* * * LOW HITPOINT WARNING * * *
Something draws strength from your injuries!
You hit something but do no damage. Something hits you.
* * * LOW HITPOINT WARNING * * *
Something bites you but does no damage.
You sock something! Something hits you but does no damage.
Something bites you but does no damage. Something hits you but does no damage.
You block something's attack.
You barely miss something. Something hits you but does no damage.
Something bites you but does no damage.
You hit something. Something hits you but does no damage.
Something bites you but does no damage.
You miss something.
Your transformation is almost over.
You hear some strange, mumbled words.
Something tries to affect you, but you resist.
Something hits you!
* * * LOW HITPOINT WARNING * * *
Something bites you but does no damage.
It was a potion of mutation.
You feel extremely strange.
You feel robust. Something hits you.
* * * LOW HITPOINT WARNING * * *
You block something's attack.
It was a potion of might.
You feel very mighty all of a sudden. Something hits you but does no damage.
Something bites you.
* * * LOW HITPOINT WARNING * * *
Something draws strength from your injuries!
You sock something! Something hits you.
You die...

.....###.......###b#{#.###..
).........####.#.#...b.#
...###.........#.###.###.#.#
#.## #.##....#......b......#
..# #.#####.###..##########
#.####.# #.# #.## .......#
#.###.# <...##.#
#.#..{######## ....##.#
#....♣........ .......#
#.....<.###### ....##.#
#.......# ....# # #.......#
..... ...#...#.## ....##
##.##.##.# ###.# # #. #!# #.
#.. #. ###


There were no monsters in sight!

Vanquished Creatures
  A two-headed ogre (D:9)
  Psyche (D:9)
  A komodo dragon (D:9)
  5 trolls (D:9)
  A hornet (D:7)
  Prince Ribbit (D:5)
  A vampire (D:10)
  3 yaks (D:9)
  A wyvern (D:8)
  A water moccasin (D:8)
  9 orc warriors
  A sky beast (D:6)
  2 ogres (D:6)
  An ice beast (D:6)
  5 centaurs
  2 kobold brigands
  4 bullfrogs
  A necrophage (D:8)
  A gnoll sergeant (D:9)
  2 scorpions (D:4)
  6 wights
  8 killer bees
  A howler monkey (D:8)
  4 hounds
  3 jellies
  3 orc priests (D:9)
  A gnoll bouda (D:5)
  8 iguanas
  6 orc wizards
  11 gnolls
  9 adders
  A shadow imp (D:8)
  3 white imps
  3 ufetubi
  A worm (D:4)
  A dart slug (D:2)
  44 orcs
  5 bats
  6 endoplasms
  A giant cockroach (D:3)
  9 hobgoblins
  2 jackals (D:3)
  10 kobolds
  5 quokkas
  4 ball pythons
  4 frilled lizards
  13 goblins
  6 rats
222 creatures vanquished.

Vanquished Creatures (others)
  3 fungi (D:8)
  8 plants (D:9)
11 creatures vanquished.

Grand Total: 233 creatures vanquished

Notes
Turn   | Place    | Note
-------+----------+-------------------------------------------
     0 | D:1      | avis the Demigod Ice Elementalist began the quest for the
                  | Orb.
     0 | D:1      | Reached XP level 1. HP: 14/14 MP: 5/5
    97 | D:1      | Reached skill level 1 in Fighting
   299 | D:1      | Reached XP level 2. HP: 23/23 MP: 7/7
   890 | D:2      | Reached XP level 3. HP: 28/28 MP: 5/9
   928 | D:2      | Learned a level 3 spell: Ozocubu's Armour
   932 | D:2      | Learned a level 3 spell: Frozen Ramparts
  1951 | D:3      | Reached XP level 4. HP: 36/36 MP: 11/11
  2853 | D:4      | Reached skill level 2 in Ranged Weapons
  2853 | D:4      | Reached XP level 5. HP: 34/41 MP: 1/12
  3070 | D:4      | Reached skill level 5 in Ice Magic
  3218 | D:4      | Reached XP level 6. HP: 45/50 MP: 6/13
  3496 | D:4      | Found Gecuz's Antique Weapon Shoppe.
  3497 | D:4      | Found Kuceidde's Weapon Boutique.
  3811 | D:5      | Entered Level 5 of the Dungeon
  3859 | D:5      | Found a staircase to the Ecumenical Temple.
  3982 | D:5      | Got Sif Muna's Anthology of the Collective Pyre
  3993 | D:5      | HP: 1/51 [orc warrior/+0 flail of flaming (6)]
  4001 | D:5      | HP: 2/76 [orc warrior/+0 flail of flaming (1)]
  4436 | D:5      | Noticed Prince Ribbit
  4451 | D:5      | Killed Prince Ribbit
  4452 | D:5      | Reached skill level 3 in Ranged Weapons
  4452 | D:5      | Reached XP level 7. HP: 57/57 MP: 5/14
  4552 | D:5      | Reached skill level 4 in Ranged Weapons
  5746 | Temple   | Entered the Ecumenical Temple
  6286 | D:6      | Reached XP level 8. HP: 24/66 MP: 9/15
  6504 | D:6      | Reached skill level 5 in Ranged Weapons
  7239 | D:7      | Reached skill level 6 in Ranged Weapons
  7703 | D:7      | Reached skill level 5 in Fighting
  7705 | D:7      | Reached skill level 1 in Armour
  8247 | D:7      | Noticed a hornet
  8257 | D:7      | Paralysed by a hornet for 2 turns
  8259 | D:7      | Killed a hornet
  8783 | D:7      | Reached XP level 9. HP: 16/73 MP: 2/16
  9120 | D:8      | Reached skill level 5 in Dodging
 10007 | D:8      | Reached skill level 5 in Armour
 10371 | D:9      | Found a flagged portal.
 10389 | Bailey   | Entered a bailey
 10991 | Bailey   | Reached skill level 5 in Stealth
 11338 | D:9      | Noticed Psyche
 11354 | D:9      | Killed Psyche
 11393 | D:9      | Noticed a komodo dragon
 11465 | D:9      | Reached skill level 7 in Ranged Weapons
 11524 | D:9      | Reached XP level 10. HP: 38/81 MP: 14/17
 11534 | D:9      | HP: 2/81 [troll (9)]
 12067 | D:9      | Reached skill level 8 in Ranged Weapons
 12490 | D:9      | Noticed a two-headed ogre
 12502 | D:9      | Killed a two-headed ogre
 13416 | D:10     | Entered Level 10 of the Dungeon
 13540 | D:10     | HP: 1/86 [something (5)]
 13827 | D:10     | Gained mutation: You are robust. (+10% HP) [potion of
                  | mutation]
 13827 | D:10     | HP: 4/141 [something (3)]
 13829 | D:10     | Slain by a vampire

Illustrated notes

Levels and vault maps discovered:
D:1:      amcnicky_arrival_abandoned_market, layout_rooms,
          hellmonk_ecumenical_altar_zigzags
D:2:      minmay_spotlight, layout_loops_ring
D:3:      layout_basic, feat_on_display
D:4:      layout_rooms, st_stairs_9, nicolae_wooded_promenade
D:5:      layout_basic, nzn_overflow_gifts_of_might_and_magic,
          minmay_temple_entry_mist, minmay_misc_feat_alley, uniq_prince_ribbit1
D:6:      layout_gridville, mainiacjoe_overflow_alcove_4
D:7:      layout_loops_ring
D:8:      layout_cave_pods, mainiacjoe_overflow_cross_hatched,
          mainiacjoe_overflow_paths, minmay_starry_boxes
D:9:      lemuel_troll_bridge, layout_irregular_city, enter_bailey_5,
          minmay_lizard_king, uniq_psyche
D:10:     layout_loops_ring, kennysheep_mini,
          nicolae_uskayaw_murder_on_the_dancefloor, minmay_misc_feat_roman
Temple:   regret_index_temple_waves

Skill      XL: |  1  2  3  4  5  6  7  8  9 10 |
---------------+-------------------------------+-----
Fighting       | 1 2 3 4 5 7 |  7.0
Ice Magic      | 4 5 6 7 |  7.0
Spellcasting   | 2 3 |  3.0
Ranged Weapons | 2 3 4 6 7 8 |  8.0
Dodging        | 2 4 5 6 |  6.4
Stealth        | 2 5 |  5.0
Armour         | 2 5 |  5.0

Action                   |  1- 3 |  4- 6 |  7- 9 | 10-12 || total
-------------------------+-------+-------+-------+-------++-------
Melee: Whip              |       |    20 |    13 |       ||    33
       Short sword       |       |     1 |       |       ||     1
       Flail             |       |       |    64 |    51 ||   115
       Punch             |       |       |     1 |     1 ||     2
 Fire: Sling             |    48 |    65 |   103 |       ||   216
       Shortbow          |       |       |   219 |   188 ||   407
Throw: Boomerang         |    30 |       |       |       ||    30
 Cast: Freeze            |    24 |    19 |     4 |     3 ||    50
       Frozen Ramparts   |     2 |    18 |    53 |    18 ||    91
       Ozocubu's Armour  |     1 |    15 |    55 |    17 ||    88
Evoke: Wand              |       |       |     3 |     6 ||     9
       Phial of floods   |       |       |     1 |       ||     1
  Use: Scroll            |       |     5 |     7 |     3 ||    15
       Potion            |       |     1 |     1 |     4 ||     6
Armor: Robe              |    10 |    19 |    93 |    50 ||   172
       Skin              |       |     6 |       |    30 ||    36
       Troll leather arm |       |       |       |    63 ||    63
Dodge: Dodged            |    19 |    35 |   149 |    97 ||   300
Block: Other             |       |       |     8 |    38 ||    46
       Reflection        |       |       |       |     3 ||     3
